 Dungeon Crawl Stone Soup version bcrawl-1.12.2 (webtiles) character file.

Game seed: 5003452744419153180

78176 MisterOstroum the Devastator (level 15, 0/113 HPs)
             Began as a Fairy Conjurer on July 16, 2019.
             Was a High Priest of Vehumet.
             Slain by a merfolk impaler
             ... wielding a +1 demon trident of electrocution
              (20 damage)
             ... on level 3 of the Shoals on July 17, 2019.
             The game lasted 01:05:22 (23532 turns).

MisterOstroum the Devastator (Fairy Conjurer)      Turns: 23532, Time: 01:05:23

Health: 0/113      AC: 16    Str:  6    XL:     15   Next: 59%
Magic:  11/31      EV: 23    Int: 24    God:    Vehumet [*****.]
Gold:   1201       SH: 15    Dex: 14    Spells: 10/34 levels left

rFire    . . .     SeeInvis .   A - +3 whip (elec)
rCold    . . .     Gourm    .   K - +1 buckler
rNeg     . . .     Faith    .   (armour unavailable)
rPois    .         Spirit   .   (no helmet)
rElec    .         Reflect  .   S - +1 cloak
rCorr    .         Harm     .   v - +2 pair of gloves
MR       ++...                  (no boots)
Stlth    +.........             B - amulet of the acrobat
HPRegen  0.28/turn              L - +3 ring of protection
MPRegen  0.22/turn              m - ring of protection from magic

@: contaminated, glowing, very slow
A: small, magic attunement, unstealthy, unfitting armour, able to fly, AC/SH +8
a: Fly, Renounce Religion


You were on level 3 of the Shoals.
You worshipped Vehumet.
Vehumet was extremely pleased with you.
You were not hungry.

You visited 5 branches of the dungeon, and saw 21 of its levels.
You also visited: Volcano.

You collected 1201 gold pieces.

Inventory:

Hand Weapons
 n - a +3 rapier of flaming
 A - a +3 whip of electrocution (weapon)
Missiles
 a - 5038 stones (quivered)
 O - 172 tomahawks
 P - a throwing net {!f!f}
 U - 200 poisoned tomahawks
Armour
 v - a +2 pair of gloves (worn)
 K - a +1 buckler (worn)
 S - a +1 cloak (worn)
Magical Staves
 D - an uncursed staff of air
Jewellery
 f - a +5 ring of strength
 k - an uncursed ring of wizardry
 l - an uncursed ring of positive energy
 m - a ring of protection from magic (right hand)
 B - an amulet of the acrobat (around neck)
 C - an uncursed ring of poison resistance
 L - a +3 ring of protection (left hand)
 R - an uncursed ring of magical power
Wands
 i - a wand of enslavement (6)
 y - a wand of disintegration (23)
 H - a wand of digging (11)
 J - a wand of iceblast (22)
Scrolls
 c - 7 scrolls of amnesia
 d - 4 scrolls of blinking {@r4}
 o - 13 scrolls of remove curse {@r2}
 q - 6 scrolls of teleportation {@r3 !r}
 s - 5 scrolls of identify {@r1}
 u - 2 scrolls of fear {!r}
 E - 2 scrolls of noise
 G - 2 scrolls of immolation
 I - a scroll of enchant armour
 M - a scroll of fog {!r}
 T - a scroll of acquirement {unknown}
Potions
 b - a potion of heal wounds {@q2 !q}
 g - 2 potions of invisibility
 h - 6 potions of resistance
 j - a potion of ambrosia
 p - 4 potions of lignification {@q6}
 r - 4 potions of cancellation
 t - 3 potions of might {@q3 !q}
 w - 3 potions of berserk rage
 x - 3 potions of mutation
 z - 2 potions of brilliance
 F - 2 potions of curing {@q1 !q}
 N - 3 potions of agility
Miscellaneous
 Q - a lightning rod (4/4)
Comestibles
 e - 24 rations {!d}
 V - 3 chunks of flesh


   Skills:
 + Level 14.1 Fighting
 * Level 11.6 Dodging
 - Level 1.5 Stealth
 - Level 5.6 Shields
 - Level 10.0 Spellcasting
 * Level 15.7 Conjurations
 - Level 3.6 Hexes
 - Level 10.0 Transmutations
 + Level 5.0 Earth Magic
 - Level 5.0 Evocations


You had 10 spell levels left.
You knew the following spells:

 Your Spells              Type           Power        Failure   Level  Hunger
a - Magic Dart            Conj           ####         0%          1    None
b - Orb of Destruction    Conj           ######....   1%          7    None
c - Iskenderun's Mystic   Conj           ######..     1%          3    None
d - Irradiate             Conj/Tmut      ######....   1%          5    None
e - Confuse               Hex            ####....     3%          3    None
f - Lee's Rapid Deconstr  Erth           #####.....   5%          5    None

Your spell library contained the following spells:

 Spells                   Type           Power        Failure   Level  Hunger
 Bolt of Draining         Conj/Necr      #####.....   1%          5    None
 Searing Ray              Conj           ######       0%          2    None
 Corona                   Hex            ####...      1%          1    None
 Sting                    Conj/Pois      ####         1%          1    None
 Dazzling Spray           Conj/Hex       ######       1%          3    None
 Fulminant Prism          Conj/Hex       ######....   1%          4    None
 Iskenderun's Battlesphe  Conj/Chrm      #####...     1%          5    None
 Venom Bolt               Conj/Pois      #####.....   1%          5    None
 Ensorcelled Hibernation  Hex/Ice        ###...       3%          2    None
 Tukima's Dance           Hex            ####....     3%          3    None
 Iron Shot                Conj/Erth      ######....   3%          6    None
 False Image              Hex/Summ       ###.....     8%          3    None
 Poison Arrow             Conj/Pois      #####.....   9%          6    None
 Spellforged Servitor     Conj/Summ      #####.....   41%         7    None
 Summon Forest            Summ/Tloc      ##........   82%         5    None


Dungeon Overview and Level Annotations

Branches:
Dungeon (9/12)             Temple (1/1) D:7            Lair (6/6) D:8
 Shoals (3/3) Lair:3       Spider (2/3) Lair:3        Slime (0/5) Lair:5
    Orc: D:8-11

Altars:
Ashenzari
Cheibriados
Dithmenos
Elyvilon
Fedhas
Gozag
Hepliaklqana
Kikubaaqudgha
Lugonu
Makhleb
Nemelex Xobeh
Okawaru
Qazlal
Ru
Sif Muna
Trog
Uskayaw
Vehumet
Wu Jian
Xom
Yredelemnul
Zin
The Shining One
Jiyva

Annotations:
Shoals:2 exclusion: Roxanne, Frances; Roxanne
Spider:1 2 transporters, Vubreenic's ghost, adept CeHu
Spider:2 1 transporter, skelma's ghost, adept DWBe


Innate Abilities, Weirdness & Mutations

Your spells do not cause hunger and MP costs are reduced by 1.
Your bright wings attract enemies. (Stealth-)
You cannot fit into any form of body armour.
Your shimmering scales are hard and can block incoming attacks. (AC +8, SH +8)
You are small and have problems with some larger weapons.
You can fly continuously.


Message History

The merfolk throws an exploding tomahawk.
The exploding tomahawk misses you.
The exploding tomahawk explodes!
The wind drake flaps its wings at you. The air twists around and strikes you!
Casting: Irradiate (safe; 1% risk of failure)
Confirm with . or Enter, or press ? or * to list all spells.
Aiming: Iskenderun's Mystic Blast (safe; 1% risk of failure)
Press: ? - help, Shift-Dir - straight line, f - snapping turtle
Aim: a snapping turtle The orb of energy hits the snapping turtle.
The snapping turtle is lightly wounded.
The orb of energy explodes!
The mystic blast hits the wind drake.
The wind drake is moderately wounded.
A manticore comes into view.
The wind drake flaps its wings at you. The air twists around and strikes you!
Found a scroll labeled BOVANA HUMUSI.
Casting: Iskenderun's Mystic Blast (safe; 1% risk of failure)
Confirm with . or Enter, or press ? or * to list all spells.
Aiming: Iskenderun's Mystic Blast (safe; 1% risk of failure)
Press: ? - help, Shift-Dir - straight line, f/p - snapping turtle
Aim: a snapping turtle (lightly wounded)
The orb of energy hits the snapping turtle.
The snapping turtle is moderately wounded.
The wind drake flaps its wings at you. The air twists around and strikes you!
Casting: Iskenderun's Mystic Blast (safe; 1% risk of failure)
Confirm with . or Enter, or press ? or * to list all spells.
Aiming: Iskenderun's Mystic Blast (safe; 1% risk of failure)
Press: ? - help, Shift-Dir - straight line, f/p - snapping turtle
Aim: a snapping turtle (moderately wounded)
The orb of energy hits the snapping turtle.
The snapping turtle is moderately wounded.
A wind drake comes into view.
The snapping turtle misses you.
Casting: Iskenderun's Mystic Blast (safe; 1% risk of failure)
Confirm with . or Enter, or press ? or * to list all spells.
Aiming: Iskenderun's Mystic Blast (safe; 1% risk of failure)
Press: ? - help, Shift-Dir - straight line, f/p - snapping turtle
Aim: a snapping turtle (moderately wounded)
The orb of energy misses the snapping turtle.
The wind drake flaps its wings at you. The air twists around and strikes you!
The snapping turtle bites you but does no damage.
The wind drake flaps its wings at you. The air twists around and strikes you!
The merfolk throws an exploding tomahawk.
You block the exploding tomahawk.
The exploding tomahawk explodes!
The explosion of tomahawk fragments engulfs you!
You hear a shout!
You hear an angry hiss.
Found a plate armour.
Casting: Iskenderun's Mystic Blast (safe; 1% risk of failure)
Confirm with . or Enter, or press ? or * to list all spells.
Aiming: Iskenderun's Mystic Blast (safe; 1% risk of failure)
Press: ? - help, Shift-Dir - straight line, f/p - snapping turtle
Aim: a snapping turtle (lightly wounded)
The orb of energy hits the snapping turtle.
The snapping turtle is heavily wounded.
The orb of energy explodes!
The mystic blast hits the wind drake.
The wind drake is severely wounded.
The mystic blast hits the merfolk.
The merfolk is heavily wounded.
The snapping turtle bites you from afar.
You block the merfolk's attack. The snapping turtle closely misses you.
A water nymph comes into view.
The water nymph shouts!
The wind drake flaps its wings at you. The air twists around and strikes you!
The water nymph moves out of view.
A merfolk impaler comes into view.
It is wielding a +1 demon trident of electrocution.
The water nymph flows with the water.
You block the water nymph's attack.
Splash!
You fall into the shallow water.
Moving in this stuff is going to be slow.
The merfolk throws an exploding tomahawk.
You block the exploding tomahawk.
The exploding tomahawk explodes!
The explosion of tomahawk fragments engulfs you!
The explosion of tomahawk fragments engulfs the water nymph.
The water nymph gestures at you while chanting.
The water swirls and strikes you! The wind drake flaps its wings at you.
The air twists around and strikes you!
Splash!
You fall into the shallow water.
Moving in this stuff is going to be slow.
The wind drake flaps its wings at you. The air twists around and strikes you!
* * * LOW HITPOINT WARNING * * *
You block the merfolk impaler's attack. x2; You block the water nymph's attack.
The merfolk impaler completely misses you.
There is a stone staircase leading up here.
The merfolk impaler hits you with a +1 demon trident of electrocution!
* * * LOW HITPOINT WARNING * * *
The wind drake closely misses you. You block the water nymph's attack.
The water nymph's watery aura covers the stone staircase leading up.
Splash!
You fall into the shallow water.
Moving in this stuff is going to be slow.
The merfolk impaler hits you with a +1 demon trident of electrocution!!
You die...

##≈≈.........#####
##≈..............≈.
######...............≈≈.
....................≈≈≈≈
[...............<..≈≈≈≈≈
.....≈...........†≈≈≈≈≈≈
.....≈..###.......≈≈≈≈≈≈
.....≈...##≈≈Hm...≈≈≈≈≈≈
....?≈≈.mt.k≈mk@.≈≈≈≈≈≈≈
.....≈.....≈≈≈m≈≈≈≈≈≈≈≈≈
####..≈......≈.≈≈≈≈≈≈≈≈≈
#..≈.......≈≈≈≈≈≈≈≈≈≈
#..≈≈....≈.##.≈≈≈≈≈≈
#.≈≈≈≈≈.≈≈..##≈≈≈≈≈≈
...≈≈≈≈≈≈≈≈≈...≈≈≈≈≈≈
..≈≈≈≈≈≈≈≈≈≈≈≈≈≈≈≈≈≈≈
≈≈≈≈≈≈≈≈≈≈≈≈≈≈≈ ≈≈


You could see a merfolk impaler, a snapping turtle, 2 wind drakes, 2 merfolk, a
manticore and a water nymph.

Vanquished Creatures
  The ghost of Ceckukk the Geomancer, a journeyman GrEE of Sif Muna (Lair:1)
  2 merfolk impalers (Shoals:2)
  2 merfolk javelineers (Shoals:2)
  A fire dragon (Volcano)
  2 hydras
  2 merfolk avatars (Shoals:2)
  A centaur warrior (D:9)
  The ghost of Tallon the Fighter, a novice BaFi of Makhleb (D:8)
  2 satyrs
  2 two-headed ogres
  6 sea snakes
  A deep elf archer (D:9)
  6 harpies
  Pikel (D:4)
  4 orb spiders
  7 wolf spiders (Spider:1)
  2 cyclopes
  2 ugly things
  3 salamanders (Volcano)
  5 manticores
  12 fauns
  A moth of wrath (D:8)
  2 black mambas
  7 merfolk sirens
  2 water nymphs
  7 cane toads
  4 komodo dragons
  6 demonic crawlers
  6 merfolk
  A polar bear (Lair:5)
  13 jumping spiders
  A wind drake (Shoals:1)
  Grinder (D:5)
  10 blink frogs
  2 hornets
  8 hippogriffs
  3 dream sheep (Shoals:2)
  4 snapping turtles
  3 water elementals
  29 redbacks
  Sigmund (D:4)
  13 yaks
  6 tarantellas
  A wraith (D:9)
  6 wyverns
  Eustachio (D:5)
  A basilisk (Lair:3)
  9 fire bats (Volcano)
  4 steam dragons
  A hungry ghost (D:9)
  5 vampire mosquitoes (Spider:1)
  4 water moccasins
  8 porcupines
  2 hornet zombies (D:6)
  Duvessa (D:5)
  2 black bears (D:8)
  5 orc warriors
  2 sky beasts
  A slave (D:4)
  A necrophage (D:8)
  A phantom (D:4)
  An ice beast (D:5)
  4 ogres
  An eye of draining (D:9)
  6 wolves
  4 centaurs
  14 crocodiles
  Blork the orc (D:5)
  3 big kobolds
  15 bullfrogs
  A gnoll sergeant (D:8)
  A scorpion (D:6)
  Dowan (D:5)
  4 wights (D:9)
  2 howler monkeys (D:5)
  A centaur zombie (D:5)
  3 crimson imps
  2 hounds
  2 centaur skeletons (D:9)
  4 jellies
  7 orc wizards
  2 orc priests (D:9)
  6 iguanas
  3 worker ants
  A hound zombie (D:9)
  2 worker ant zombies (D:5)
  11 adders
  2 shadow imps (D:9)
  2 oozes
  An adder zombie (D:6)
  2 adder skeletons
  A worm (D:1)
  A dart slug (D:2)
  6 leopard geckos
  32 orcs
  9 bats
  4 giant cockroaches
  8 hobgoblins
  4 jackals
  6 quokkas
  4 frilled lizards
  2 goblins
  A jackal zombie (D:5)
  16 kobolds
  A quokka skeleton (D:4)
  7 rats
  A fungus (Lair:4)
  3 plants
465 creatures vanquished.

Vanquished Creatures (others)
  A steam dragon (Volcano)
  An adder skeleton (D:4)
  16 plants
18 creatures vanquished.

Grand Total: 483 creatures vanquished

Notes
Turn   | Place    | Note
-------+----------+-------------------------------------------
     0 | D:1      | MisterOstroum the Fairy Conjurer began the quest for the
                  | Orb.
     0 | D:1      | Reached XP level 1. HP: 11/11 MP: 6/6
    83 | D:1      | Reached skill level 5 in Conjurations
   102 | D:1      | Reached XP level 2. HP: 18/18 MP: 7/7
   159 | D:1      | Learned a level 2 spell: Searing Ray
   576 | D:1      | Reached skill level 1 in Fighting
   576 | D:1      | Reached XP level 3. HP: 23/23 MP: 7/9
   587 | D:1      | Learned a level 3 spell: Iskenderun's Mystic Blast
   828 | D:1      | Found an ornate altar of the Wu Jian Council.
   830 | D:1      | Found a hide-covered altar of Uskayaw.
   830 | D:1      | Found an ancient bone altar of Kikubaaqudgha.
   832 | D:1      | Found a shattered altar of Ashenzari.
   832 | D:1      | Found a blossoming altar of Fedhas.
   832 | D:1      | Found a shimmering altar of Xom.
  1409 | D:2      | Found a corrupted altar of Lugonu.
  1409 | D:2      | Found a bloodstained altar of Trog.
  1780 | D:2      | Found an ornate altar of the Wu Jian Council.
  1780 | D:2      | Found a glowing golden altar of the Shining One.
  1836 | D:3      | Reached skill level 6 in Conjurations
  1836 | D:3      | Reached XP level 4. HP: 24/28 MP: 5/10
  2023 | D:3      | Found a sparkling altar of Nemelex Xobeh.
  2443 | D:3      | Noticed a bullfrog
  2447 | D:3      | Killed a bullfrog
  2447 | D:3      | Reached XP level 5. HP: 34/34 MP: 2/12
  2985 | D:4      | Noticed a phantom
  3109 | D:4      | Identified the Almanac of Damaging Calling
  3146 | D:4      | Noticed a centaur
  3158 | D:4      | Killed a centaur
  3158 | D:4      | Reached skill level 7 in Conjurations
  3158 | D:4      | Reached XP level 6. HP: 15/39 MP: 4/14
  3435 | D:4      | Noticed a slave
  3435 | D:4      | Noticed a slave
  3435 | D:4      | Noticed a slave
  3435 | D:4      | Noticed a slave
  3436 | D:4      | Noticed Pikel
  3440 | D:4      | Killed a slave
  3440 | D:4      | Killed Pikel
  3440 | D:4      | Reached skill level 5 in Spellcasting
  3440 | D:4      | Reached skill level 8 in Conjurations
  3440 | D:4      | Reached XP level 7. HP: 46/46 MP: 4/17
  3909 | D:4      | Found a blossoming altar of Fedhas.
  3952 | D:4      | Reached skill level 9 in Conjurations
  3952 | D:4      | Reached XP level 8. HP: 54/54 MP: 11/18
  4016 | D:4      | Learned a level 5 spell: Irradiate
  4204 | D:4      | Noticed Sigmund
  4207 | D:4      | Killed Sigmund
  4365 | D:5      | Entered Level 5 of the Dungeon
  4366 | D:5      | Reached skill level 1 in Transmutations
  4378 | D:5      | Noticed Dowan
  4391 | D:5      | Killed Dowan
  4550 | D:5      | Reached skill level 10 in Conjurations
  4777 | D:5      | Noticed Grinder
  4781 | D:5      | Killed Grinder
  4781 | D:5      | Reached skill level 5 in Fighting
  4781 | D:5      | Reached XP level 9. HP: 61/61 MP: 11/20
  4909 | D:5      | Noticed Eustachio
  4926 | D:5      | Killed Eustachio
  5169 | D:5      | Learned a level 3 spell: Confuse
  5212 | D:5      | Noticed Duvessa
  5216 | D:5      | Killed Duvessa
  5216 | D:5      | Reached skill level 5 in Transmutations
  5402 | D:5      | Noticed Blork the orc
  5406 | D:5      | Killed Blork the orc
  6107 | D:6      | Reached skill level 1 in Shields
  6213 | D:6      | Found a stormy altar of Qazlal.
  6905 | D:7      | Reached skill level 11 in Conjurations
  7256 | D:7      | Found a staircase to the Ecumenical Temple.
  7263 | Temple   | Entered the Ecumenical Temple
  7414 | Temple   | Became a worshipper of Vehumet
  7745 | D:7      | Found a shattered altar of Ashenzari.
  7745 | D:7      | Found a burning altar of Makhleb.
  7865 | D:8      | Noticed a hornet
  7873 | D:8      | Killed a hornet
  7873 | D:8      | Reached XP level 10. HP: 36/68 MP: 7/21
  8411 | D:8      | Found a transporter.
  8417 | D:8      | Noticed Tallon's ghost (novice BaFi)
  8432 | D:8      | Found a transporter.
  8435 | D:8      | Found a bloodstained altar of Trog.
  8444 | D:8      | Noticed a two-headed ogre
  8525 | D:8      | Noticed a brown ugly thing
  8533 | D:8      | Killed a purple ugly thing
  8533 | D:8      | Reached skill level 5 in Shields
  8808 | D:8      | Found a staircase to the Lair.
  9091 | D:8      | Reached skill level 1 in Hexes
  9488 | D:9      | Noticed a deep elf archer
  9530 | D:9      | Noticed a cyclops
  9552 | D:9      | Noticed a centaur warrior
  9559 | D:9      | Killed a centaur warrior
  9559 | D:9      | Reached * piety under Vehumet
  9559 | D:9      | Offered knowledge of Flame Tongue by Vehumet.
  9559 | D:9      | Reached skill level 12 in Conjurations
  9954 | D:9      | Noticed a green ugly thing
  9963 | D:9      | Killed a white ugly thing
  9963 | D:9      | Reached XP level 11. HP: 77/77 MP: 1/22
 10031 | D:9      | Killed a cyclops
 10031 | D:9      | Reached skill level 13 in Conjurations
 10429 | D:9      | Killed a deep elf archer
 10776 | D:9      | Found a white marble altar of Elyvilon.
 10960 | D:9      | Found a hazy altar of Hepliaklqana.
 11148 | Lair:1   | Entered Level 1 of the Lair of Beasts
 11230 | Lair:1   | Reached skill level 14 in Conjurations
 11564 | Lair:1   | Offered knowledge of Sandblast by Vehumet.
 11568 | Lair:1   | Reached ** piety under Vehumet
 11644 | Lair:1   | Reached skill level 10 in Fighting
 11737 | Lair:1   | Found a runed translucent gate.
 11737 | Lair:1   | Found a runed translucent gate.
 11737 | Lair:1   | Found a runed translucent gate.
 11833 | Lair:1   | Reached XP level 12. HP: 87/87 MP: 4/23
 12236 | Lair:1   | Reached XP level 13. HP: 95/95 MP: 24/24
 12275 | Lair:1   | Noticed Ceckukk's ghost (journeyman GrEE)
 12363 | Lair:2   | Found a dark tunnel.
 12370 | Volcano  | Entered a volcano
 12652 | Volcano  | Reached skill level 10 in Dodging
 12668 | Volcano  | Reached skill level 15 in Conjurations
 12814 | Volcano  | Offered knowledge of Inner Flame by Vehumet.
 12820 | Volcano  | Noticed a fire dragon
 12841 | Volcano  | Killed a fire dragon
 13884 | Lair:2   | Reached skill level 1 in Evocations
 14529 | Lair:3   | Reached *** piety under Vehumet
 14960 | Lair:3   | Found a hole to the Spider Nest.
 15120 | Lair:3   | Found a staircase to the Shoals.
 15146 | Lair:3   | Offered knowledge of Conjure Flame by Vehumet.
 16339 | Lair:5   | Learned a level 7 spell: Orb of Destruction
 16370 | Lair:5   | Found a staircase to the Slime Pits.
 16376 | Lair:5   | Found a viscous altar of Jiyva.
 17171 | Lair:6   | Entered Level 6 of the Lair of Beasts
 17232 | Lair:4   | Reached XP level 14. HP: 60/102 MP: 15/26
 17460 | Spider:1 | Entered Level 1 of the Spider Nest
 17514 | Spider:1 | Reached **** piety under Vehumet
 17561 | Spider:1 | Offered knowledge of Lee's Rapid Deconstruction by Vehumet.
 17563 | Spider:1 | Reached skill level 5 in Evocations
 17999 | Spider:1 | Learned a level 5 spell: Lee's Rapid Deconstruction
 18098 | Spider:1 | Found a transporter.
 18106 | Spider:1 | Found a transporter.
 18129 | Spider:1 | Reached skill level 1 in Earth Magic
 18482 | Spider:1 | Reached ***** piety under Vehumet
 18482 | Spider:1 | Offered knowledge of Bolt of Draining by Vehumet.
 18828 | Spider:1 | Noticed an emperor scorpion
 18867 | Spider:1 | Noticed Vubreenic's ghost (adept CeHu)
 18868 | Spider:1 | Noticed an emperor scorpion
 19417 | D:8      | Killed Tallon's ghost
 19518 | Lair:1   | Killed Ceckukk's ghost
 19636 | Spider:2 | Found a transporter.
 19636 | Spider:2 | Noticed skelma's ghost (adept DWBe)
 19641 | Spider:2 | Noticed an entropy weaver
 19642 | Spider:2 | Noticed an emperor scorpion
 19752 | Spider:2 | Noticed an emperor scorpion
 20228 | Shoals:1 | Entered Level 1 of the Shoals
 20244 | Shoals:1 | Reached skill level 10 in Spellcasting
 20877 | Shoals:1 | Reached XP level 15. HP: 111/111 MP: 26/31
 21752 | Shoals:2 | Reached skill level 10 in Transmutations
 21942 | Shoals:2 | Noticed Roxanne
 23163 | Shoals:1 | Upgraded the game from bcrawl-1.12.1 to bcrawl-1.12.2
 23493 | Shoals:2 | Noticed Frances
 23505 | Shoals:3 | Entered Level 3 of the Shoals
 23509 | Shoals:3 | Reached skill level 5 in Earth Magic
 23532 | Shoals:3 | Slain by a merfolk impaler

Skill      XL: |  1  2  3  4  5  6  7  8  9 10 11 12 13 14 15 |
---------------+----------------------------------------------+-----
Conjurations   | 5 6 7 8 9 10 11 12 14 15 | 15.7
Spellcasting   | 3 4 5 6 7 10 | 10.0
Fighting       | 1 2 3 5 6 8 10 11 13 14 | 14.1
Transmutations | 4 6 7 9 10 | 10.0
Shields        | 3 5 |  5.6
Hexes          | 1 3 |  3.6
Dodging        | 9 11 | 11.6
Evocations     | 4 5 |  5.0
Earth Magic    | 4 5 |  5.0
Stealth        | |  1.5

Action                   |  1- 3 |  4- 6 |  7- 9 | 10-12 | 13-15 || total
-------------------------+-------+-------+-------+-------+-------++-------
Melee: Club              |     2 |       |       |       |       ||     2
       Whip              |       |       |     2 |       |    19 ||    21
Throw: Stone             |       |     1 |     1 |       |     1 ||     3
 Cast: Magic Dart        |    49 |    10 |    65 |    47 |   109 ||   280
       Searing Ray       |     5 |       |       |     1 |       ||     6
       Iskenderun's Myst |    22 |    23 |   138 |   168 |   587 ||   938
       Irradiate         |       |       |     3 |    12 |    23 ||    38
       Orb of Destructio |       |       |       |       |    12 ||    12
       Lee's Rapid Decon |       |       |       |       |     1 ||     1
 Abil: Stop Flying       |     1 |       |       |       |     8 ||     9
       Fly               |       |       |       |       |     8 ||     8
  Use: Potion            |       |     1 |       |     1 |     4 ||     6
       Scroll            |       |       |    17 |    14 |    13 ||    44
  Eat: Chunk             |     3 |     2 |    11 |    14 |    20 ||    50
       Ration            |       |     1 |       |       |     5 ||     6
Armor: Skin              |     2 |     3 |     8 |     5 |    84 ||   102
Dodge: Dodged            |    11 |     6 |    22 |    12 |   261 ||   312
Block: Other             |     4 |     2 |     9 |       |       ||    15
       Buckler           |       |       |       |    23 |   308 ||   331
